 Dungeon Crawl Stone Soup version 0.26.1-11-gd32895ea62 (webtiles) character file.

Game seed: 17670880258092124713

761 jlumianski the Grasshopper (level 7, -1/56 HPs)
             Began as a Gnoll Warper on June 25, 2021.
             Slain by a wyvern (4 damage)
             ... on level 5 of the Dungeon on July 1, 2021.
             The game lasted 00:33:00 (8269 turns).

jlumianski the Grasshopper (Gnoll Warper)           Turns: 8269, Time: 00:33:01

Health: -1/56      AC: 10    Str: 11 (14) XL:     7   Next: 80%
Magic:  15/15      EV: 12    Int: 15 (17) God:
Gold:   409        SH:  0    Dex: 11 (14) Spells: 12/17 levels left

rFire    . . .     SeeInvis .   I - +3 quarterstaff (chaos)
rCold    . . .     Faith    .   (shield currently unavailable)
rNeg     . . .     Spirit   .   n - +0 ring mail
rPois    .         Reflect  .   (no helmet)
rElec    .         Harm     .   J - +0 cloak
rCorr    .         Rampage  .   A - +1 pair of gloves
Will     .....                  x - +0 pair of boots
Stlth    +.........             (no amulet)
HPRegen  0.18/turn              (no ring)
MPRegen  0.14/turn              (no ring)

@: no status effects
A: distributed training, fangs 1, strong nose
a: no special abilities


You were on level 5 of the Dungeon.
You visited 2 branches of the dungeon, and saw 6 of its levels.
You also visited: Ossuary.

You collected 409 gold pieces.

Inventory:

Hand Weapons
 a - a +0 hand axe
 q - a +0 rapier
 r - a +1 hand axe of pain
 I - a +3 quarterstaff of chaos (weapon)
Missiles
 e - 5 boomerangs of dispersal
 g - 140 stones (quivered)
 h - 44 arrows
 j - 70 bolts
 v - 21 poisoned darts
Armour
 b - a +0 leather armour
 n - a +0 ring mail (worn)
 o - a +0 buckler
 u - the +4 scale mail of Disguise {-Cast +Blink rCorr Str-5}
   (You found it on level 5 of the Dungeon)

   It affects your strength (-5).
   It lets you blink.
   It prevents spellcasting.
   It provides partial protection from all sources of acid and corrosion.
 x - a +0 pair of boots (worn)
 A - a +1 pair of gloves (worn)
 J - a +0 cloak (worn)
Jewellery
 c - a cursed ring of teleportation
Wands
 w - a wand of paralysis (7)
 B - a wand of disintegration (11)
Scrolls
 d - 5 scrolls of blinking
 k - 5 scrolls of teleportation
 l - 2 scrolls of remove curse
 p - a scroll of enchant weapon
 t - a scroll of noise {unknown}
 y - 7 scrolls of identify
 C - a scroll of fog {unknown}
 D - a scroll of amnesia {unknown}
Potions
 f - a potion of heal wounds {unknown}
 i - 3 potions of attraction
 m - a potion of lignification {unknown}
 s - a potion of curing
 z - 2 potions of haste
 E - a potion of resistance
 F - a potion of degeneration
 G - a potion of cancellation {unknown}
 H - a potion of brilliance {unknown}


   Skills:
 + Level 5.3 Fighting
 + Level 2.7 Short Blades
 + Level 2.7 Long Blades
 + Level 5.3 Axes
 + Level 2.7 Maces & Flails
 + Level 2.7 Polearms
 + Level 2.7 Staves
 + Level 2.7 Slings
 + Level 2.7 Bows
 + Level 2.7 Crossbows
 + Level 3.8 Throwing
 + Level 3.8 Armour
 + Level 5.3 Dodging
 + Level 2.7 Stealth
 + Level 2.7 Shields
 + Level 2.7 Unarmed Combat
 + Level 5.7 Spellcasting
 + Level 2.2 Conjurations
 + Level 2.2 Hexes
 + Level 2.2 Summonings
 + Level 2.2 Necromancy
 + Level 5.9 Translocations
 + Level 2.2 Transmutations
 + Level 2.2 Fire Magic
 + Level 2.2 Ice Magic
 + Level 2.2 Air Magic
 + Level 2.2 Earth Magic
 + Level 2.2 Poison Magic
 + Level 3.0 Invocations
 + Level 2.7 Evocations


You had 12 spell levels left.
You knew the following spells:

 Your Spells              Type           Power        Failure   Level
a - Blink                 Tloc           N/A          4%          2
b - Gell's Gravitas       Tloc           11%          9%          3

Your spell library contained the following spells:

 Spells                   Type           Power        Failure   Level
 Lesser Beckoning         Tloc           11%          9%          3
 Teleport Other           Tloc           22%          9%          3
 Passage of Golubria      Tloc           N/A          30%         4


Dungeon Overview and Level Annotations

Branches:
Dungeon (5/15)             Temple (1/1) D:5         Ossuary (visited)

Altars:
Ashenzari
Cheibriados
Dithmenos
Fedhas
Hepliaklqana
Kikubaaqudgha
Makhleb
Nemelex Xobeh
Ru
Trog
Uskayaw
Vehumet
Wu Jian
The Shining One


Innate Abilities, Weirdness & Mutations

Your experience applies equally to all skills.
You have very sharp teeth.
Your uncanny sense of smell can sniff out nearby items.


Message History

You hit something.
A wyvern appears out of thin air!
Reactivating autopickup.
The wyvern misses you.
You barely miss the wyvern. Your bite misses the wyvern.
The wyvern bites you but does no damage.
The wyvern bites you.
You hit the wyvern but do no damage.
The wyvern seems to speed up.
The wyvern misses you. The wyvern bites you!
You hit the wyvern but do no damage. The wyvern closely misses you.
The wyvern barely misses you. The wyvern completely misses you.
You hit the wyvern. You freeze the wyvern.
The wyvern is moderately wounded.
The wyvern barely misses you. The wyvern bites you! x2
* * * LOW HITPOINT WARNING * * *
You closely miss the wyvern.
The wyvern is moderately wounded.
The wyvern bites you!
* * * LOW HITPOINT WARNING * * *
The wyvern bites you.
You die...

########## #........#
###### #.######.# ..>..##
#.###.##.# #
.#.#..###.##.#.#.####.####
####
#.#...[.#.#.###.@l(.(..(.#
#... .#.#.......##
##.####(##!# #.##
#.#.....#...###..# .. #.#
.#.#..#.#....#.### ...
#.## #.#..##.##....## ...
#>.. .#.#....###.### .#...
#### #.#..#### #.# ... .
## .#.#.# #.# ... ##.
#.#..# ##+### #.# #.#


You could see a wyvern (fast).

Vanquished Creatures
  A sky beast (D:4)
  A phantom (D:5)
  A scorpion (D:4)
  2 hounds (D:4)
  Crazy Yiuf (D:5)
  Terence (D:2)
  2 worker ants
  A hound skeleton (D:5)
  8 mummies (Ossuary)
  8 gnolls
  8 adders
  An ufetubus (D:5)
  An ooze (D:1)
  2 worms (D:3)
  2 dart slugs
  8 leopard geckos
  An orc (D:3)
  3 ball pythons
  3 giant cockroaches
  6 goblins
  4 hobgoblins
  3 jackals (D:4)
  2 quokkas
  5 bats
  3 frilled lizards
  A gnoll zombie (Ossuary)
  3 hobgoblin zombies (Ossuary)
  A jackal skeleton (D:5)
  14 kobolds
  A kobold zombie (Ossuary)
  A leopard gecko skeleton (D:5)
  3 orc zombies (Ossuary)
  17 rats
  3 bushes (D:3)
122 creatures vanquished.

Vanquished Creatures (others)
  A kobold (D:3)
  A rat (D:3)
  10 plants
12 creatures vanquished.

Grand Total: 134 creatures vanquished

Notes
Turn   | Place    | Note
-------+----------+-------------------------------------------
     0 | D:1      | jlumianski the Gnoll Warper began the quest for the Orb.
     0 | D:1      | Reached XP level 1. HP: 20/20 MP: 6/6
   218 | D:1      | Reached XP level 2. HP: 26/26 MP: 7/7
   827 | D:1      | Reached XP level 3. HP: 31/31 MP: 9/9
   830 | D:1      | Learned a level 2 spell: Blink
   834 | D:1      | Learned a level 3 spell: Gell's Gravitas
  1055 | D:2      | Reached skill level 5 in Spellcasting
  1164 | D:2      | Reached skill level 1 in Invocations
  1196 | D:2      | Reached skill level 1 in Short Blades
  1196 | D:2      | Reached skill level 1 in Long Blades
  1196 | D:2      | Reached skill level 1 in Maces & Flails
  1196 | D:2      | Reached skill level 1 in Polearms
  1196 | D:2      | Reached skill level 1 in Staves
  1196 | D:2      | Reached skill level 1 in Slings
  1196 | D:2      | Reached skill level 1 in Bows
  1196 | D:2      | Reached skill level 1 in Crossbows
  1196 | D:2      | Reached skill level 1 in Stealth
  1196 | D:2      | Reached skill level 1 in Shields
  1196 | D:2      | Reached skill level 1 in Unarmed Combat
  1196 | D:2      | Reached skill level 1 in Evocations
  1289 | D:2      | Reached XP level 4. HP: 33/38 MP: 3/11
  1743 | D:2      | Noticed Terence
  1763 | D:2      | Killed Terence
  1764 | D:2      | Reached skill level 1 in Conjurations
  1764 | D:2      | Reached skill level 1 in Hexes
  1764 | D:2      | Reached skill level 1 in Summonings
  1764 | D:2      | Reached skill level 1 in Necromancy
  1764 | D:2      | Reached skill level 1 in Transmutations
  1764 | D:2      | Reached skill level 1 in Fire Magic
  1764 | D:2      | Reached skill level 1 in Ice Magic
  1764 | D:2      | Reached skill level 1 in Air Magic
  1764 | D:2      | Reached skill level 1 in Earth Magic
  1764 | D:2      | Reached skill level 1 in Poison Magic
  2220 | D:2      | Reached XP level 5. HP: 40/43 MP: 12/12
  4486 | D:4      | Reached XP level 6. HP: 50/50 MP: 13/13
  5005 | D:4      | Reached skill level 5 in Fighting
  5005 | D:4      | Reached skill level 5 in Axes
  5005 | D:4      | Reached skill level 5 in Dodging
  5714 | D:5      | Entered Level 5 of the Dungeon
  5984 | D:5      | Got a brightly glowing scale mail
  5985 | D:5      | Noticed a phantom
  6028 | D:5      | Killed a phantom
  6029 | D:5      | Reached XP level 7. HP: 44/56 MP: 15/15
  6120 | D:5      | Found a sand-covered staircase.
  6138 | Ossuary  | Entered an ossuary
  6795 | Ossuary  | Identified the +4 scale mail of Disguise {-Cast +Blink
                  | rCorr Str-5} (You found it on level 5 of the Dungeon)
  7376 | D:5      | Found a runed translucent door.
  7377 | D:5      | Noticed Crazy Yiuf
  7387 | D:5      | Killed Crazy Yiuf
  7535 | D:5      | Found a staircase to the Ecumenical Temple.
  7545 | Temple   | Entered the Ecumenical Temple
  8264 | D:5      | Noticed a wyvern
  8269 | D:5      | Slain by a wyvern

Illustrated notes

Levels and vault maps discovered:
D:1:      dpeg_arrival_rooms_c, layout_basic, serial_bayou_lake_a
D:2:      layout_loops_ring, minmay_rat_gold_closets, uniq_terence
D:3:      layout_loops_ring, lexackson_kobold_supper
D:4:      layout_basic
D:5:      layout_loops_corners, minmay_temple_entry_arrows, enter_ossuary_1,
          hangedman_abyss_or_decor_passed, minivault_23, uniq_crazy_yiuf_cottage
Temple:   dpeg_chambers_temple

Skill      XL: |  1  2  3  4  5  6  7 |
---------------+----------------------+-----
Spellcasting   | 5 |  5.7
Invocations    | 1 2 3 |  3.0
Short Blades   | 1 2 |  2.7
Long Blades    | 1 2 |  2.7
Maces & Flails | 1 2 |  2.7
Polearms       | 1 2 |  2.7
Staves         | 1 2 |  2.7
Slings         | 1 2 |  2.7
Bows           | 1 2 |  2.7
Crossbows      | 1 2 |  2.7
Stealth        | 1 2 |  2.7
Shields        | 1 2 |  2.7
Unarmed Combat | 1 2 |  2.7
Evocations     | 1 2 |  2.7
Conjurations   | 1 2 |  2.2
Hexes          | 1 2 |  2.2
Summonings     | 1 2 |  2.2
Necromancy     | 1 2 |  2.2
Transmutations | 1 2 |  2.2
Fire Magic     | 1 2 |  2.2
Ice Magic      | 1 2 |  2.2
Air Magic      | 1 2 |  2.2
Earth Magic    | 1 2 |  2.2
Poison Magic   | 1 2 |  2.2
Throwing       | 3 |  3.8
Armour         | 3 |  3.8
Fighting       | 5 |  5.3
Axes           | 5 |  5.3
Dodging        | 5 |  5.3
Translocations | |  5.9

Action                   |  1- 3 |  4- 6 |  7- 9 || total
-------------------------+-------+-------+-------++-------
Melee: Hand axe          |    80 |   676 |    78 ||   834
       Bite              |     6 |   127 |     9 ||   142
       Punch             |       |    10 |     1 ||    11
       Quarterstaff      |       |       |    24 ||    24
Throw: Stone             |    13 |    40 |    22 ||    75
       Dart              |       |     2 |       ||     2
 Cast: Gell's Gravitas   |     8 |     8 |    11 ||    27
       Blink             |       |     2 |     3 ||     5
Evoke: Wand              |       |       |     2 ||     2
  Use: Scroll            |     1 |     7 |     1 ||     9
       Potion            |       |     2 |     3 ||     5
 Stab: Sleeping          |       |       |     1 ||     1
Armor: Leather armour    |     6 |       |       ||     6
       Ring mail         |    24 |    69 |    27 ||   120
Dodge: Dodged            |    73 |   147 |    53 ||   273
